 Dungeon Crawl Stone Soup version 0.27-a0-1065-ge809cff456 (webtiles) character file.

Game seed: 10682166700633815319

566 Feb132020 the Magician (level 7, -2/47 HPs)
             Began as a Djinni Hedge Wizard on Apr 23, 2021.
             Slain by an iguana (11 damage)
             ... on level 3 of the Dungeon.
             The game lasted 00:26:13 (6696 turns).

Feb132020 the Magician (Djinni Hedge Wizard)        Turns: 6696, Time: 00:26:13

Health: -2/47      AC:  6    Str:  9    XL:     7   Next: 32%
Gold:   230        EV: 13    Int: 17    God:
                   SH:  0    Dex: 13

rFire    + + +     SeeInvis .   j - staff of conjuration
rCold    x . .     Faith    .   (no shield)
rNeg     . . .     Spirit   .   b - +0 robe
rPois    ∞         Reflect  .   k - +2 helmet
rElec    .         Harm     .   (no cloak)
rCorr    .         Rampage  .   m - +0 pair of gloves
Will     .....                  (boots unavailable)
Stlth    ++........             (no amulet)
HPRegen  0.15/turn              f - ring of protection from fire
MPRegen  0.00/turn              (no ring)

@: flying
A: fire resistance 2, cold vulnerability 1, float, innate caster, hp casting,
extra vitality 1
a: no special abilities


You were on level 3 of the Dungeon.
You visited 1 branch of the dungeon, and saw 5 of its levels.

You collected 230 gold pieces.

Inventory:

Hand Weapons
 a - a +1 dagger
Armour
 b - a +0 robe (worn)
 c - a +1 hat
 g - a +2 hat
 k - a +2 helmet (worn)
 m - a +0 pair of gloves (worn)
Magical Staves
 j - a staff of conjuration (weapon)
Jewellery
 f - a ring of protection from fire (left hand)
Wands
 n - a wand of paralysis (4)
Scrolls
 d - 2 scrolls of teleportation
 h - a scroll of identify
 o - a scroll of enchant weapon
Potions
 e - a potion of curing
 i - a potion of lignification
 l - a potion of heal wounds


   Skills:
 + Level 1.5 Fighting
 + Level 0.4 Short Blades
 + Level 3.4 Dodging
 + Level 2.8 Stealth
 + Level 5.9 Spellcasting


You couldn't memorise any spells.
You knew the following spells:

 Your Spells              Type           Power      Damage    Failure   Level
a - Magic Dart            Conj           100%       1d8       1%          1
b - Searing Ray           Conj           74%        3d6       1%          2
c - Call Imp              Summ           25%        N/A       1%          2
d - Slow                  Hex            25%        N/A       1%          2
e - Conjure Flame         Conj/Fire      37%        6-21      3%          3
f - Mephitic Cloud        Conj/Pois/Air  37%        N/A       3%          3
g - Freeze                Ice            100%       1d11      1%          1
h - Portal Projectile     Hex/Tloc       50%        N/A       3%          3
B - Blink                 Tloc           N/A        N/A       1%          2
Your spell library was empty.

Dungeon Overview and Level Annotations

Branches:
Dungeon (5/15)
 Temple: D:4-7

Altars:
Makhleb
The Shining One

Shops:
D:3 *

Annotations:
D:4 3 runed translucent doors, Grinder; fram's ghost, amateur DDFi


Innate Abilities, Weirdness & Mutations

You are immune to poison.
Your flesh is very heat resistant. (rF++)
You are vulnerable to cold. (rC-)
You float through the air rather than walking.
You learn spells naturally, not from books.
Your magical power is your life essence.
You have superior vitality. (+4 HP)


Message History

You fly upwards.
There is a stone staircase leading down here.
There is a stone staircase leading down here.
You fly downwards.
Level annotation: 3 runed translucent doors, Grinder; fram's ghost, amateur DDFi
There is a stone staircase leading up here.
Found a ring mail.
o - a scroll of enchant weapon An iguana comes into view.
The helpless iguana fails to defend itself.
You hit the iguana but do no damage. The iguana bites you!
Unknown command.
Unknown command.
Unknown command.
Unknown command.
Casting: Searing Ray (safe; 1% risk of failure)
Confirm with . or Enter, or press ? or * to list all spells.
Aiming: Searing Ray (safe; 1% risk of failure)
Press: ? - help, Shift-Dir - straight line, f - iguana
Aim: an iguana (83% to hit)
You feel a surge of power!
You miscast Searing Ray.
You are very lightly contaminated with residual magic.
Nothing appears to happen.
The iguana bites you!
Your magical contamination has completely faded away.
The iguana bites you!
* * * LOW HITPOINT WARNING * * *
Grinder shouts!
Grinder closely misses you. Grinder gestures at you.
You suddenly lose the ability to move!
The iguana bites you!
* * * LOW HITPOINT WARNING * * *
You can move again.
There is a stone staircase leading up here.
The iguana closely misses you.
You fly upwards.
There is a stone staircase leading down here.
The iguana barely misses you. The iguana bites you!
You die...

#....#..........#.......
#..................._...
######
##..............#.......
#....#
#..............#.......
#....#
#..)......#'#..##.....#
#.§..#
#####.#.#.#.##.####.###
#§§§§#
####.#.#.#.##.........
#§§§§#
#....#(#...########...
#§§§§#
#.###@..###......##.##
#§§§§#####.#
#.l...#......##...
#.§§§......#
#>#...#.......(.##
####.##.####
#.#8.8#.<.........
#.##...#
###...#......##...
#....#.#
#♣.8#...#####...
######.#
#...#........... #.#
#8.8#......####. #.#
#...#......# #.


You could see an iguana.

Vanquished Creatures
  An orc warrior (D:4)
  A phantom (D:4)
  A scorpion (D:4)
  A centaur zombie (D:3)
  A hound (D:4)
  2 orc priests (D:4)
  2 orc wizards (D:4)
  4 gnolls (D:4)
  3 adders
  An adder skeleton (D:4)
  A worm (D:4)
  3 dart slugs
  9 orcs
  9 endoplasms
  5 giant cockroaches
  6 hobgoblins
  10 jackals
  9 kobolds
  3 quokkas
  4 ball pythons
  3 bats
  7 goblins
  4 rats
90 creatures vanquished.

Notes
Turn   | Place    | Note
-------+----------+-------------------------------------------
     0 | D:1      | Feb132020 the Djinni Hedge Wizard began the quest for the
                  | Orb.
     0 | D:1      | Reached XP level 1. HP: 15/15 MP: 0/0
   356 | D:1      | Reached skill level 3 in Spellcasting
   356 | D:1      | Reached XP level 2. HP: 20/21 MP: 0/0
  1055 | D:1      | Reached XP level 3. HP: 16/25 MP: 0/0
  1055 | D:1      | Learned a level 1 spell: Freeze
  2809 | D:2      | Found a faded altar of an unknown god.
  2935 | D:2      | Reached XP level 4. HP: 30/31 MP: 0/0
  3765 | D:3      | Reached skill level 4 in Spellcasting
  3990 | D:3      | Found Ufaub's General Store.
  4155 | D:3      | Found a burning altar of Makhleb.
  4464 | D:3      | Reached skill level 1 in Fighting
  4464 | D:3      | Reached XP level 5. HP: 25/37 MP: 0/0
  4464 | D:3      | Learned a level 2 spell: Searing Ray
  4705 | D:4      | Found a glowing golden altar of the Shining One.
  4733 | D:4      | Noticed Grinder
  4890 | D:4      | Noticed an orc warrior
  5126 | D:4      | Reached XP level 6. HP: 32/42 MP: 0/0
  5196 | D:4      | Reached skill level 5 in Spellcasting
  5410 | D:5      | Entered Level 5 of the Dungeon
  5420 | D:5      | Noticed a sky beast
  5420 | D:5      | Noticed an ice beast
  5983 | D:4      | Killed an orc warrior
  5984 | D:4      | Reached XP level 7. HP: 20/47 MP: 0/0
  5984 | D:4      | Learned a level 3 spell: Portal Projectile
  6238 | D:4      | Paralysed by an orc wizard for 6 turns
  6471 | D:4      | Found a runed translucent gate.
  6471 | D:4      | Found a runed translucent gate.
  6472 | D:4      | Noticed fram's ghost (amateur DDFi)
  6483 | D:4      | Found a runed translucent gate.
  6691 | D:4      | Paralysed by Grinder for 2 turns
  6696 | D:3      | Slain by an iguana

Illustrated notes

Levels and vault maps discovered:
D:1:      dpeg_arrival_line_fractal, layout_loops_ring
D:2:      layout_rooms, hellmonk_ecumenical_altar_slurped_away,
          minmay_small_reverse_x
D:3:      layout_basic, old_standard_altar, serial_shops, shop,
          interstate_on_off, chequers_avenue
D:4:      layout_rooms, kennysheep_little_box, gammafunk_ghost_nasty_kobolds,
          roderic_roman_lattice, uniq_grinder
D:5:      layout_loops_cross, minmay_misc_feat_columns,
          amcnicky_mini_rare_corridor_liquid, minmay_tree_intersection,
          minmay_fire_ice_demons, uniq_eustachio

Skill      XL: |  1  2  3  4  5  6 |
---------------+-------------------+-----
Spellcasting   | 3 4 5 |  5.9
Stealth        | 2 |  2.8
Fighting       | 1 |  1.5
Dodging        | 3 |  3.4
Short Blades   | |  0.4

Action                   |  1- 3 |  4- 6 |  7- 9 || total
-------------------------+-------+-------+-------++-------
Melee: Dagger            |     4 |    12 |       ||    16
       Staff             |       |     2 |     1 ||     3
 Cast: Magic Dart        |   106 |   132 |    10 ||   248
       Freeze            |       |     4 |       ||     4
       Conjure Flame     |       |     3 |       ||     3
       Searing Ray       |       |    10 |     3 ||    13
  Use: Scroll            |     8 |     1 |     5 ||    14
 Stab: Sleeping          |     1 |     2 |     1 ||     4
Armor: Robe              |     4 |    21 |     4 ||    29
Dodge: Dodged            |    25 |    40 |     5 ||    70

Table legend: (Time is in decaauts)
 A = Elapsed time spent in this place.
 B = Non-inter-level travel time spent in this place.
 C = Inter-level travel time spent in this place.
 D = Time resting spent in this place.
 E = Time spent auto-exploring this place.
 F = Levels seen in this place.
 G = Mean time per level.
                   A        B        C        D        E       F      G
               +--------+--------+--------+--------+--------+-----+--------+
         Total |   6705 |   6347 |    358 |    544 |   4902 |   5 | 1341.0 |
       Dungeon |   6705 |   6347 |    358 |    544 |   4902 |   5 | 1341.0 |
               +--------+--------+--------+--------+--------+-----+--------+

Top non-repeatable levels by time:
     D:2: 1792 daAuts
     D:1: 1754 daAuts
     D:4: 1631 daAuts
     D:3: 1511 daAuts
     D:5: 16 daAuts
